 Dungeon Sprint DCSS version 0.16-a0-1243-g6e0463c (webtiles) character file.

2006 Ololoev the Bewitcher (level 9, -25/45 HPs)
             Began as a Spriggan Enchanter on Oct 13, 2014.
             Was a Believer of Okawaru.
             Killed from afar by a crystal guardian (54 damage)
             ... with a crystal bolt
             ... in the Dungeon (Sprint II: "The Violet Keep of Menkaure").
             The game lasted 00:10:25 (917 turns).

Ololoev the Bewitcher (Spriggan Enchanter)           Turns: 917, Time: 00:10:25

Health: -25/45     AC:  4    Str:  4    XL:     9   Next: 2%
Magic:  17/31      EV: 18    Int: 20    God:    Okawaru [**....]
Gold:   90         SH:  0    Dex: 16    Spells: 3 memorised, 25 levels left

rFire  . . .     SeeInvis +     a - +1 dagger
rCold  . . .     Clarity  .     r - +2 robe {MR+}
rNeg   . . .     SustAb   .     (shield restricted)
rPois  .         Gourm    .     (helmet restricted)
rElec  .         Spirit   .     (no cloak)
rCorr  .         Warding  .     (gloves unavailable)
rMut   .         NoTele   +     (boots unavailable)
MR     ++...                    (no amulet)
Stlth  +++++.....               (no ring)
                                (no ring)

@: very quick, very resistant to hostile enchantments, quite stealthy
A: unfitting armour, see invisible, herbivore 3, speed 3, slow metabolism 2
a: Heroism, Renounce Religion


You were in the Dungeon.
You worshipped Okawaru.
Okawaru was pleased with you.
You were not hungry.

You visited 1 branch You collected 972 gold pieces.
You spent 882 gold pieces at shops.

Inventory:

Hand weapons
 a - a +1 dagger (weapon)
Armour
 r - a +2 robe of magic resistance (worn)
Scrolls
 b - a scroll of amnesia
 j - a scroll of blinking
 n - a scroll of identify
 o - a scroll of recharging
 p - a scroll of fear
Potions
 d - a potion of porridge
 f - 3 potions of heal wounds
 g - a potion of haste
 h - 2 potions of magic
 i - a potion of might
 k - a potion of resistance
 l - a potion of invisibility
 m - a potion of restore abilities
Books
 c - a book of Maledictions

   Spells                             Type                      Level
   *Corona                            Hexes                        1
   Sure Blade                         Hexes/Charms                 2
   *Ensorcelled Hibernation           Hexes/Ice                    2
   *Confuse                           Hexes                        3
   Dazzling Spray                     Conjuration/Hexes            3
   Enslavement                        Hexes                        4


   Skills:
 * Level 3.7 Fighting
 + Level 6.3 Short Blades
 - Level 3.0 Dodging
 + Level 9.7 Stealth
 + Level 11.9 Spellcasting
 - Level 15.3 Hexes
 + Level 6.1 Ice Magic


You had 25 spell levels left.
You knew the following spells:

 Your Spells              Type           Power        Failure   Level  Hunger
a - Corona                Hex            ######.      0%          1    None
b - Confuse               Hex            ######..     1%          3    None
c - Ensorcelled Hibernat  Hex/Ice        ######       1%          2    None


Dungeon Overview and Level Annotations

Branches:
Dungeon (1/1)

Altars:
Cheibriados
Dithmenos
Elyvilon
Fedhas
Gozag
Kikubaaqudgha
Makhleb
Nemelex Xobeh
Okawaru
Qazlal
Sif Muna
Trog
Vehumet
Xom
Yredelemnul
Zin
The Shining One
Beogh
Jiyva
Lugonu

Shops:
D [%:=}(=(*?[[!?:!

Annotations:
D exclusion: oklob plant


Innate Abilities, Weirdness & Mutations

You are tiny and cannot use many weapons and most armour.
You have supernaturally acute eyesight.
You are a herbivore.
You cover ground extremely quickly.
You need consume almost no food.


Message History

Press: ? - help, v - describe, . - travel
Here: a crystal guardian The floor.
Casting: Ensorcelled Hibernation
Confirm with . or Enter, or press ? or * to list all spells.
Aiming: Confuse
Press: ? - help, Shift-Dir - straight line, f - crystal guardian
Aim: a crystal guardian The crystal guardian is unaffected.
Casting: Confuse
Confirm with . or Enter, or press ? or * to list all spells.
Okay, then.
Really walk into a travel-excluded area?
You enter the shallow water.
Moving in this stuff is going to be slow.
You are engulfed in a cloud of scalding steam.
The crystal guardian fires a crystalline bolt at you.
The crystal bolt burns you!
Ouch! That really hurt!
You die...

#≈≈≈≈.##+##..#,,***#.*,k*,,*,,,,,
#≈≈≈≈###.###.####,,+.##.*,,*,,,,,
#≈≈≈≈#..#..#....#,,*...#*##*,,,,,
#{≈####.#.####..##**#..#*$#*,,,,,
#≈##%###%###.##..#,,+..#,.#▓!$[,,
#≈#.%###.##.).#..#,,#..#,.#▓[$([)
'≈'.##'.<.).#.'..####..##.#▓%)!$?
#≈#%#.##.##...#....###8..##▓▓▓▓▓▓
#≈##.###'###.##.@§...§≈≈≈≈≈≈≈≈≈≈≈
#≈≈####.#.####≈≈.§...≈#'########+
##≈≈≈#..#..#≈≈≈≈≈≈≈..≈#_._.....#≈
*#'#≈##.#.##≈≈≈§≈≈§§.≈#._._._..#≈
*#)#≈≈##+##≈≈§§§§≈≈≈≈≈#_._._._.#≈
≈###*≈≈≈≈≈≈≈≈§§§§≈§≈§≈#._._._._#§
≈≈*,*+++#+++#§§≈≈≈≈≈≈≈#.._._._.#§
≈≈***≈≈§§≈≈≈*#§≈≈###≈≈#..._._._#§
≈≈**≈≈≈§§≈≈≈≈*#§§*,#≈≈#....⌠._.#§


There were no monsters in sight!

Vanquished Creatures
  A siren (D)
  A yaktaur (D)
  3 polar bears (D)
  A baby alligator (D)
  2 boulder beetles (D)
  2 swamp drakes (D)
  A yellow wasp (D)
  4 brain worms (D)
  An orange rat (D)
  4 worker ants (D)
20 creatures vanquished.

Vanquished Creatures (others)
  Menkaure (D)
1 creature vanquished.

Grand Total: 21 creatures vanquished

Notes
Turn   | Place    | Note
--------------------------------------------------------------
     0 | D        | Ololoev, the Spriggan Enchanter, began the quest for the Orb.
     0 | D        | Reached XP level 1. HP: 9/9 MP: 4/4
     1 | D        | Noticed a worker ant
     1 | D        | Noticed a worker ant
     1 | D        | Noticed a worker ant
     1 | D        | Noticed a worker ant
     4 | D        | Killed a worker ant
     4 | D        | Reached skill level 6 in Stealth
     4 | D        | Reached XP level 2. HP: 13/13 MP: 6/9
     9 | D        | Killed a worker ant
     9 | D        | Reached skill level 7 in Stealth
     9 | D        | Reached skill level 5 in Spellcasting
     9 | D        | Reached XP level 3. HP: 13/16 MP: 7/14
    19 | D        | Killed a worker ant
    19 | D        | Reached XP level 4. HP: 5/21 MP: 9/17
    28 | D        | Learned a level 3 spell: Confuse
    31 | D        | Learned a level 2 spell: Ensorcelled Hibernation
    34 | D        | Killed a worker ant
    34 | D        | Reached skill level 8 in Stealth
   121 | D        | Noticed a boulder beetle
   121 | D        | Noticed a boulder beetle
   148 | D        | Killed a boulder beetle
   148 | D        | Reached skill level 9 in Hexes
   148 | D        | Reached XP level 5. HP: 2/24 MP: 10/21
   199 | D        | Killed Menkaure
   205 | D        | Killed a boulder beetle
   205 | D        | Reached skill level 5 in Short Blades
   205 | D        | Reached skill level 11 in Hexes
   205 | D        | Reached XP level 6. HP: 7/28 MP: 14/24
   436 | D        | Noticed a siren
   439 | D        | Killed a siren
   439 | D        | Reached skill level 13 in Hexes
   439 | D        | Reached XP level 7. HP: 32/32 MP: 25/27
   446 | D        | Noticed a baby alligator
   459 | D        | Noticed an orange crystal statue
   466 | D        | Noticed a brain worm
   469 | D        | Killed a brain worm
   469 | D        | Reached skill level 10 in Spellcasting
   470 | D        | Noticed a brain worm
   471 | D        | Killed a brain worm
   472 | D        | Noticed a brain worm
   472 | D        | Noticed a brain worm
   474 | D        | Killed a brain worm
   474 | D        | Reached skill level 14 in Hexes
   476 | D        | Killed a brain worm
   489 | D        | Noticed an electric eel
   489 | D        | Noticed an electric eel
   489 | D        | Noticed an electric eel
   490 | D        | Noticed an electric eel
   490 | D        | Noticed an electric eel
   502 | D        | Found Psud's Antique Armour Emporium.
   502 | D        | Found Nydwav's Magic Scroll Emporium.
   502 | D        | Found Striamipp's Assorted Antiques.
   502 | D        | Found Frowao's Distillery.
   502 | D        | Found Fuuggiri's Antique Armour Shoppe.
   502 | D        | Found Luaseov's Distillery.
   502 | D        | Found Efeurghij's Book Shoppe.
   503 | D        | Found Brel's Magic Scroll Emporium.
   503 | D        | Found Ahakhi's Jewellery Shoppe.
   503 | D        | Found Olusera's Weapon Shoppe.
   504 | D        | Found Brorch's Antique Weapon Emporium.
   504 | D        | Noticed a soldier ant
   506 | D        | Found Gilaith's Gadget Emporium.
   506 | D        | Found Giv Nat's Jewellery Shoppe.
   506 | D        | Noticed a soldier ant
   506 | D        | Noticed a soldier ant
   507 | D        | Found Elor's Food Shoppe.
   507 | D        | Noticed an oklob plant
   509 | D        | Found Craox's Antique Armour Emporium.
   513 | D        | Bought a potion of heal wounds for 30 gold pieces
   513 | D        | Bought a potion of lignification for 20 gold pieces
   513 | D        | Bought a potion of degeneration for 20 gold pieces
   513 | D        | Bought a potion of resistance for 70 gold pieces
   513 | D        | Bought a potion of invisibility for 55 gold pieces
   513 | D        | Bought a potion of heal wounds for 30 gold pieces
   515 | D        | Noticed a crocodile
   519 | D        | Bought a potion of confusion for 12 gold pieces
   519 | D        | Bought a potion of might for 30 gold pieces
   519 | D        | Bought a potion of restore abilities for 36 gold pieces
   523 | D        | Bought a scroll of remove curse for 36 gold pieces
   523 | D        | Bought a scroll of identify for 24 gold pieces
   523 | D        | Bought a scroll of magic mapping for 42 gold pieces
   523 | D        | Bought a scroll of identify for 24 gold pieces
   523 | D        | Bought a scroll of identify for 24 gold pieces
   527 | D        | Bought a scroll labeled SKIEJA HABB for 23 gold pieces
   527 | D        | Bought a scroll labeled MNEROO CUING for 23 gold pieces
   531 | D        | Bought a distressingly furry hat for 297 gold pieces
   531 | D        | Bought a runed robe for 23 gold pieces
   547 | D        | Identified the cursed -5 hat "Ruikk" {Slay-1} (You bought it in a shop in the Dungeon)
   556 | D        | Found Scharaps' Book Shoppe.
   556 | D        | Noticed a shining eye
   556 | D        | Noticed a shining eye
   557 | D        | Bought a scroll of amnesia for 49 gold pieces
   557 | D        | Bought a scroll of random uselessness for 14 gold pieces
   560 | D        | Noticed a shining eye
   582 | D        | Noticed an orange rat
   584 | D        | Killed an orange rat
   606 | D        | Found a snail-covered altar of Cheibriados.
   607 | D        | Found an ancient bone altar of Kikubaaqudgha.
   607 | D        | Found a stormy altar of Qazlal.
   608 | D        | Found a burning altar of Makhleb.
   608 | D        | Found a blossoming altar of Fedhas.
   608 | D        | Found a corrupted altar of Lugonu.
   609 | D        | Found a viscous altar of Jiyva.
   610 | D        | Found a roughly hewn altar of Beogh.
   610 | D        | Found a shimmering altar of Xom.
   610 | D        | Found a basalt altar of Yredelemnul.
   611 | D        | Found a deep blue altar of Sif Muna.
   612 | D        | Found an iron altar of Okawaru.
   612 | D        | Found a glowing golden altar of the Shining One.
   612 | D        | Found a glowing silver altar of Zin.
   612 | D        | Found a white marble altar of Elyvilon.
   613 | D        | Found an opulent altar of Gozag.
   613 | D        | Found a bloodstained altar of Trog.
   613 | D        | Found a sparkling altar of Nemelex Xobeh.
   613 | D        | Noticed a yellow wasp
   613 | D        | Noticed a polar bear
   614 | D        | Found a radiant altar of Vehumet.
   614 | D        | Found a shadowy altar of Dithmenos.
   614 | D        | Noticed a yaktaur
   620 | D        | Became a worshipper of Warmaster Okawaru
   623 | D        | Noticed a crocodile
   630 | D        | Noticed a polar bear
   665 | D        | Killed a polar bear
   665 | D        | Reached XP level 8. HP: 24/36 MP: 22/29
   670 | D        | Acquired Okawaru's first power
   672 | D        | Killed a baby alligator
   685 | D        | Killed a yaktaur
   685 | D        | Reached skill level 15 in Hexes
   685 | D        | Reached skill level 5 in Ice Magic
   770 | D        | Noticed a swamp drake
   772 | D        | Noticed a polar bear
   776 | D        | Killed a yellow wasp
   776 | D        | Reached skill level 1 in Fighting
   794 | D        | Killed a polar bear
   800 | D        | Killed a polar bear
   804 | D        | Noticed a death drake
   806 | D        | Noticed a swamp drake
   807 | D        | Noticed a death drake
   889 | D        | Noticed a crystal guardian
   903 | D        | Killed a swamp drake
   909 | D        | Killed a swamp drake
   909 | D        | Reached XP level 9. HP: 28/45 MP: 19/31
   917 | D        | Killed from afar by a crystal guardian

Action                   |  1- 3 |  4- 6 |  7- 9 || total
-------------------------+-------+-------+-------++-------
Melee: Dagger            |    15 |    29 |    51 ||    95
 Cast: Confuse           |       |     5 |    13 ||    18
       Ensorcelled Hiber |       |     1 |     4 ||     5
  Use: Potion            |     1 |     1 |       ||     2
       Scroll            |       |       |     4 ||     4
 Stab: Sleeping          |     2 |     3 |     8 ||    13
       Confused          |       |     6 |     5 ||    11
